 Dungeon Crawl Stone Soup version 0.31.0-11-ge490571c62 (webtiles) character file.

Game seed: 2204313079414097135

1196 qw the Skirmisher (level 8, -6/42 HPs)
             Began as a Spriggan Hunter on Feb 4, 2024.
             Killed from afar by Maggie (12 damage)
             ... with a puff of flame
             ... on level 6 of the Dungeon.
             The game lasted 00:00:15 (4054 turns).

qw the Skirmisher (Spriggan Hunter)                 Turns: 4054, Time: 00:00:15

Health: -6/42      AC:  2    Str:  7    XL:     8   Next: 20%
Magic:  9/9        EV: 23    Int: 11    God:
Gold:   208        SH:  0    Dex: 20    Spells: 7/7 levels left

rFire   . . .        a - +1 shortbow
rCold   . . .        (shield currently unavailable)
rNeg    . . .        c - +0 robe
rPois   .            (helmet restricted)
rElec   .            (no cloak)
rCorr   .            (gloves unavailable)
SInv    +            (boots unavailable)
Will    +....        (no amulet)
Stlth   ++           (no ring)
HPRegen 0.27/turn    (no ring)
MPRegen 0.11/turn

%: no passive effects
@: very quick
A: very small, no large weapons, unfitting armour, see invisible, speed 3
a: no special abilities


You were on level 6 of the Dungeon.
You visited 2 branches of the dungeon, and saw 7 of its levels.

You collected 208 gold pieces.


Innate Abilities, Weirdness & Mutations

You are very small and have problems with some larger weapons.
You are too small for most types of armour.
You have supernaturally acute eyesight. (SInv)
You cover ground extremely quickly. (Speed+++)


   Skills:
 - Level 3.7 Fighting
 - Level 8.0 Ranged Weapons
 + Level 7.8 Dodging
 - Level 1.5 Stealth


You had 7 spell levels left.
You didn't know any spells.
Your spell library was empty.

Inventory:

Hand Weapons
 a - a +1 shortbow (weapon)
Armour
 c - a +0 robe (worn)
Scrolls
 d - 2 scrolls of identify
Potions
 b - 4 potions of curing
 e - a potion of enlightenment
 f - a potion of might

Dungeon Overview and Level Annotations

Branches:
Dungeon (6/15)             Temple (1/1) D:4

Altars:
Cheibriados
Dithmenos
Elyvilon
Gozag
Hepliaklqana
Kikubaaqudgha
Makhleb
Nemelex Xobeh
Ru
Trog
Vehumet
Wu Jian
Xom
Yredelemnul
The Shining One

Annotations:
D:6 Maggie


Message History

You shoot an arrow. The arrow hits Maggie.
Maggie is heavily wounded.
Maggie completely misses you.
You shoot an arrow. The arrow hits Maggie.
Maggie is heavily wounded.
You break out of your daze.
Maggie gestures wildly while chanting.
Maggie attempts to bespell you! You resist.
You shoot an arrow. The arrow hits Maggie.
Maggie is heavily wounded.
Maggie points at you and mumbles some strange words.
The bolt of fire misses you.
You shoot an arrow. The arrow barely misses Maggie.
Maggie zaps a wand.
The puff of flame hits you!
You shoot an arrow. The arrow closely misses Maggie.
Maggie barely misses you.
You shoot an arrow. The arrow hits Maggie.
Maggie is severely wounded.
Maggie completely misses you.
You shoot an arrow. The arrow completely misses Maggie.
Maggie barely misses you.
You shoot an arrow. The arrow hits Maggie.
Maggie is severely wounded.
Maggie misses you.
You shoot an arrow. The arrow hits Maggie.
Maggie is severely wounded.
Maggie completely misses you.
You shoot an arrow. The arrow closely misses Maggie.
Maggie casts a spell.
Maggie attempts to bespell you! You resist with almost no effort.
You shoot an arrow. The arrow hits Maggie.
Maggie is almost dead.
Maggie misses you.
You shoot an arrow.
The arrow hits Maggie but does no damage.
Maggie is almost dead.
Maggie misses you.
You shoot an arrow. The arrow closely misses Maggie.
Maggie zaps a wand.
The puff of flame hits you!
You die...

#.. #.. #.# #.# #.# #.#
#######@# #.....#@#
#######.....#.#
#...........#.#
#######.....#.########
#### #.....#........#
#...
##.....#........######...
#................%.......
#......########.#####....
#.#.#.#########.# #....


You could see Maggie.

Vanquished Creatures
  Grinder (D:5)
  Sigmund (D:3)
  2 water moccasins (D:5)
  A black bear (D:5)
  An ice beast (D:6)
  A phantom (D:4)
  2 scorpions (D:5)
  A howler monkey (D:5)
  A hound (D:6)
  2 iguanas
  Terence (D:3)
  2 adders
  A dart slug (D:3)
  4 orcs (D:4)
  6 bats
  4 endoplasms
  6 goblins
  9 hobgoblins
  5 quokkas
  6 ball pythons
  7 frilled lizards
  7 kobolds
  6 rats
77 creatures vanquished.

Notes
Turn   | Place    | Note
-------+----------+-------------------------------------------
     0 | D:1      | qw the Spriggan Hunter began the quest for the Orb.
     0 | D:1      | Reached XP level 1. HP: 10/10 MP: 2/2
     0 | D:1      | 0 ||| qw: Version: 0.3-a-160-g6735b56
     0 | D:1      | 0 ||| qw: Game counter: 5656
     0 | D:1      | 0 ||| qw: Melee chars always use a shield: true
     0 | D:1      | 0 ||| qw: God list: Okawaru
     0 | D:1      | 0 ||| qw: Allow faded altars: false
     0 | D:1      | 0 ||| qw: Do Orc after clearing Dungeon:15 true
     0 | D:1      | 0 ||| qw: Do second Lair branch before Depths: true
     0 | D:1      | 0 ||| qw: Lair rune preference: random
     0 | D:1      | 0 ||| qw: Goals: Normal
     0 | D:1      | 0 ||| PLANNING D:1-11
    28 | D:1      | Reached skill level 3 in Dodging
   107 | D:1      | Reached XP level 2. HP: 14/14 MP: 3/3
   450 | D:1      | 450 ||| READING scroll labelled XALOEZ NORROQE.
   450 | D:1      | 450 ||| ENCHANTING +0 shortbow.
   451 | D:1      | 451 ||| READING scroll labelled BORAERPH YGIFO.
   617 | D:1      | 617 ||| READING scroll labelled WIADAETINA.
   644 | D:1      | 644 ||| DROPPING scroll of butterflies.
   694 | D:2      | Reached XP level 3. HP: 18/18 MP: 4/4
  1029 | D:2      | 1029 ||| READING scroll labelled JIKLIU XYACSIST.
  1030 | D:2      | 1030 ||| READING scroll labelled URGHOJ BOUM.
  1031 | D:2      | 1031 ||| READING 2 scrolls labelled GOCLUT PAC.
  1031 | D:2      | 1031 ||| IDENTIFYING puce potion
  1032 | D:2      | 1032 ||| READING scroll of identify.
  1032 | D:2      | 1032 ||| IDENTIFYING 2 red potions
  1033 | D:2      | 1033 ||| READING scroll labelled CUQ DIECHOZA.
  1034 | D:2      | 1034 ||| DROPPING 2 potions of berserk rage.
  1176 | D:3      | Reached skill level 5 in Ranged Weapons
  1247 | D:3      | Noticed Terence
  1263 | D:3      | Killed Terence
  1264 | D:3      | Reached XP level 4. HP: 8/22 MP: 5/5
  1268 | D:3      | HP: 5/22 [poisoned by an adder]
  1449 | D:3      | Noticed Sigmund
  1466 | D:3      | Killed Sigmund
  1467 | D:3      | Reached skill level 3 in Fighting
  1467 | D:3      | Reached XP level 5. HP: 29/29 MP: 6/6
  1467 | D:3      | Reached XP level 6. HP: 33/33 MP: 7/7
  1992 | D:3      | 1992 ||| READING scroll of identify.
  1992 | D:3      | 1992 ||| IDENTIFYING murky pink potion
  1993 | D:3      | 1993 ||| READING scroll labelled XINONYUZIY.
  1994 | D:3      | 1994 ||| READING scroll labelled WEL ZIZIWE.
  1995 | D:3      | 1995 ||| READING scroll labelled OHISUIMADGH.
  1996 | D:3      | 1996 ||| READING scroll labelled KUCUIXK ROTUAWIAN.
  1996 | D:3      | 1996 ||| ENCHANTING +0 shortbow.
  2311 | D:4      | Found a sacrificial altar of Ru.
  2321 | D:4      | Found the +7 staff of the Meek {protect, meekguard}
  2335 | D:4      | Found a staircase to the Ecumenical Temple.
  2336 | D:4      | 2336 ||| PLANNING TEMPLE
  2336 | D:4      | 2336 ||| READING scroll of identify.
  2336 | D:4      | 2336 ||| IDENTIFYING purple potion
  2337 | D:4      | 2337 ||| READING scroll labelled DICWAX KANEIPH.
  2338 | D:4      | 2338 ||| DRINKING 2 black potions.
  2342 | D:4      | Found a snail-covered altar of Cheibriados.
  2353 | Temple   | Entered the Ecumenical Temple
  2354 | Temple   | 2354 ||| PLANNING D:1-11
  2799 | D:4      | 2799 ||| READING scroll labelled MEXEOTHOMAH.
  2800 | D:4      | 2800 ||| READING scroll labelled TAEF BUUSCHU.
  2901 | D:4      | 2901 ||| DRINKING 3 smoky orange potions.
  2902 | D:4      | 2902 ||| DRINKING 2 fizzy blue potions.
  2903 | D:4      | 2903 ||| DRINKING potion of curing.
  2903 | D:4      | 2903 ||| (to cure confusion)
  2904 | D:4      | 2904 ||| DROPPING 2 potions of magic.
  2905 | D:4      | 2905 ||| DROPPING potion of ambrosia.
  2921 | D:5      | Entered Level 5 of the Dungeon
  2929 | D:5      | Reached skill level 6 in Ranged Weapons
  2985 | D:5      | Reached XP level 7. HP: 37/37 MP: 8/8
  3055 | D:5      | Reached skill level 6 in Dodging
  3120 | D:5      | HP: 7/37 [water moccasin (8)]
  3121 | D:5      | 3121 ||| DRINKING 2 potions of heal wounds.
  3123 | D:5      | 3123 ||| DRINKING potion of heal wounds.
  3363 | D:5      | Reached skill level 7 in Ranged Weapons
  3457 | D:5      | Noticed Grinder
  3466 | D:5      | Killed Grinder
  3467 | D:5      | Reached skill level 8 in Ranged Weapons
  3467 | D:5      | Reached XP level 8. HP: 30/42 MP: 9/9
  4016 | D:6      | Noticed Maggie
  4045 | D:6      | HP: 4/42 [Maggie/puff of flame (10)]
  4054 | D:6      | Killed from afar by Maggie

Levels and vault maps discovered:
D:1:      eino_arrival_water_star, layout_loops_cross, minmay_strange_pillars
D:2:      layout_rooms
D:3:      layout_basic, uniq_crazy_yiuf_cottage, uniq_sigmund, uniq_terence
D:4:      layout_basic, overflow_temple_1_default, lemuel_tele_altar,
          minmay_temple_entry_gardened_gates
D:5:      layout_basic, uniq_grinder
D:6:      minmay_thinvault, layout_basic, ebering_ghost_rock_garden,
          nicolae_hexahallways, uniq_menkaure, uniq_maggie, uniq_eustachio
Temple:   hellmonk_temple_forest_ring

Skill      XL: |  1  2  3  4  5  6  7 |
---------------+----------------------+-----
Dodging        | 3 4 5 7 |  7.8
Ranged Weapons | 5 6 8 |  8.0
Fighting       | 3 |  3.7
Stealth        | |  1.5

Action                     |  1- 3 |  4- 6 |  7- 9 || total
---------------------------+-------+-------+-------++-------
   Fire: Shortbow          |   125 |    93 |   102 ||   320
    Use: Scroll            |     8 |     9 |       ||    17
         Potion            |       |     4 |     2 ||     6
 Armour: Robe              |     8 |    13 |    21 ||    42
  Dodge: Dodged            |    47 |    30 |    73 ||   150

Table legend:
 A = Non-vault XP
 B = Vault XP
 C = Vault XP percentage of total XP
 D = Non-vault monster count
 E = Vault monster count
 F = Vault count percentage of total count
                 A         B        C        D         E       F
            +---------+---------+-------+---------+---------+-------
      Total |    1149 |     560 |  32.8 |      74 |       3 |   3.9
            +---------+---------+-------+---------+---------+-------
        D:1 |      38 |       0 |   0.0 |      24 |       0 |   0.0
        D:2 |      31 |       0 |   0.0 |      12 |       0 |   0.0
        D:3 |      40 |     279 |  87.5 |      17 |       2 |  10.5
        D:4 |     161 |       0 |   0.0 |      12 |       0 |   0.0
        D:5 |     702 |     281 |  28.6 |       7 |       1 |  12.5
        D:6 |     177 |       0 |   0.0 |       2 |       0 |   0.0
            +---------+---------+-------+---------+---------+-------
